 Dungeon Crawl Stone Soup version 0.30-a0-509-gd016549fea (webtiles) character file.

Game seed: 6527510035360516467

34 HoaS the Shooter (level 3, -2/21 HPs)
             Began as a Tengu Hunter on Dec 21, 2022.
             Slain by a gnoll
             ... wielding a +0 whip
              (8 damage)
             ... on level 2 of the Dungeon on Dec 22, 2022.
             The game lasted 00:02:23 (1292 turns).

HoaS the Shooter (Tengu Hunter)                     Turns: 1292, Time: 00:02:23

Health: -2/21      AC:  4    Str: 11    XL:     3   Next: 31%
Magic:  4/4        EV: 12    Int:  9    God:
Gold:   84         SH:  0    Dex: 19    Spells: 2/2 levels left

rFire   . . .      SeeInvis .    a - +1 shortbow
rCold   . . .      Faith    .    (shield currently unavailable)
rNeg    . . .      Spirit   .    c - +0 leather armour
rPois   .          Reflect  .    (helmet restricted)
rElec   .          Harm     .    i - +0 cloak
rCorr   .          Rampage  .    (no gloves)
Will    .....                    (boots unavailable)
Stlth   ++........               (no amulet)
HPRegen 0.23/turn                (no ring)
MPRegen 0.09/turn                (no ring)

@: no status effects
A: beak, talons 3
a: no special abilities


You were on level 2 of the Dungeon.
You visited 1 branch of the dungeon, and saw 2 of its levels.

You collected 84 gold pieces.

Inventory:

Hand Weapons
 a - a +1 shortbow (weapon)
Armour
 c - a +0 leather armour (worn)
 i - a +0 cloak (worn)
Scrolls
 b - a scroll of immolation
 d - 2 scrolls of teleportation
Potions
 e - a potion of curing {unknown}
 g - 2 potions of degeneration {unknown}
 h - a potion of haste {unknown}
 j - 3 potions of mutation


   Skills:
 - Level 2.0 Fighting
 + Level 5.6 Ranged Weapons
 - Level 2.1 Dodging
 - Level 1.0 Stealth


You had 2 spell levels left.
You didn't know any spells.
Your spell library was empty.

Dungeon Overview and Level Annotations

Branches:
Dungeon (2/15)

Altars:


Innate Abilities, Weirdness & Mutations

You have a beak for a mouth.
You have claws for feet.


Message History

You shoot an arrow. The arrow hits the kobold.
The kobold shouts!
The kobold is severely wounded.
You shoot an arrow. The arrow hits the kobold!
You kill the kobold!
No target in view!
No target in view!
Found an escape hatch in the ceiling.
There is an escape hatch in the ceiling here.
A kobold comes into view. It is wielding a +0 club.
You shoot an arrow. The arrow hits the kobold.
The kobold shouts!
The kobold is moderately wounded.
You shoot an arrow. The arrow hits the kobold!
You kill the kobold!
No target in view!
No target in view!
Things that are here:
a +0 club; a kobold corpse
Found a cloak.
No target in view!
f - a scroll labelled EHENOI VAUGEIS You see here a +0 cloak.
i - a +0 cloak You start putting on your armour.
You continue putting on your +0 cloak. x4
You finish putting on your +0 cloak.
As you read the scroll labelled EHENOI VAUGEIS, it crumbles to dust.
It is a scroll of identify.
j - 3 potions of mutation
Found a stone staircase leading down.
There is a stone staircase leading down here.
You open the door.
A dart slug and 4 gnolls come into view.
The gnoll shouts! x3; You hear a shout!
There is a stone staircase leading down here.
The gnoll hits you with a +0 whip.
The gnoll hits you from afar with a +0 halberd!
The gnoll attacks as you move away! The gnoll hits you with a +0 whip.
The gnoll attacks as you move away! The gnoll hits you with a +0 whip!
You die...

##.### ### #.# ....# #.# #.#.#
#.# ###.#.# # #.# # #...#.# ##
##.# #.#...#.# ##. ##..#
#.......# ##..
..w..####...##########....####...
.....+........gg@............'...
.....####...#########....(####...
.... ##..# #..#.## ##.. ... ##.##
#..#.# ##. .. ##.#.## #..#.# ##
'# #.###.# #..#.# # .# ##.#.##
#....######## g# ##.g#
##.####...... g## ##g# #.#
#.#####


You could see 2 gnolls.

Vanquished Creatures
  A worm (D:2)
  3 ball pythons (D:1)
  5 endoplasms (D:1)
  A giant cockroach (D:1)
  3 goblins (D:1)
  A hobgoblin (D:2)
  5 jackals (D:1)
  A quokka (D:1)
  A bat (D:1)
  4 kobolds
  2 rats (D:1)
27 creatures vanquished.

Vanquished Creatures (others)
  14 plants (D:1)
14 creatures vanquished.

Grand Total: 41 creatures vanquished

Notes
Turn   | Place    | Note
-------+----------+-------------------------------------------
     0 | D:1      | HoaS the Tengu Hunter began the quest for the Orb.
     0 | D:1      | Reached XP level 1. HP: 12/12 MP: 2/2
    71 | D:1      | Found a faded altar of an unknown god.
   117 | D:1      | Reached XP level 2. HP: 17/17 MP: 3/3
   205 | D:1      | Reached skill level 5 in Ranged Weapons
   247 | D:1      | Upgraded the game from 0.30-a0-476-g330ca2eb8e to
                  | 0.30-a0-509-gd016549fea
   514 | D:1      | Reached XP level 3. HP: 20/21 MP: 4/4
  1292 | D:2      | Slain by a gnoll

Illustrated notes

Levels and vault maps discovered:
D:1:      nagdon_arrival_zigzag_paths, layout_basic,
          nicolae_ecumenical_lake_church, st_stairs_5
D:2:      layout_loops_corners

Skill      XL: |  1  2 |
---------------+-------+-----
Ranged Weapons | 5 |  5.6
Fighting       | |  2.0
Dodging        | |  2.1
Stealth        | |  1.0

Action                   || total
-------------------------++-------
 Fire: Shortbow          ||    99
  Use: Scroll            ||     4
Armor: Leather armour    ||     1
Dodge: Dodged            ||     7

Table legend: (Time is in decaauts)
 A = Elapsed time spent in this place.
 B = Non-inter-level travel time spent in this place.
 C = Inter-level travel time spent in this place.
 D = Time resting spent in this place.
 E = Time spent auto-exploring this place.
 F = Levels seen in this place.
 G = Mean time per level.
                   A        B        C        D        E       F      G
               +--------+--------+--------+--------+--------+-----+--------+
         Total |   1325 |   1285 |     40 |     13 |    997 |   2 |  662.5 |
       Dungeon |   1325 |   1285 |     40 |     13 |    997 |   2 |  662.5 |
               +--------+--------+--------+--------+--------+-----+--------+

Top non-repeatable levels by time:
     D:1: 1055 daAuts
     D:2: 269 daAuts
